 Dungeon Crawl Stone Soup version 0.31-a0-542-gdc2a67831c (webtiles) character file.

Game seed: 10404954172243170271

39053 CoinPitGoblin the Spry (level 13, -4/60 HPs)
             Began as a Spriggan Shapeshifter on Aug 11, 2023.
             Was a High Priest of Dithmenos.
             Slain by a death yak (17 damage)
             ... on level 4 of the Lair of Beasts on Aug 14, 2023.
             The game lasted 00:36:55 (17594 turns).

CoinPitGoblin the Spry (Spriggan Shapeshifter)     Turns: 17594, Time: 00:36:56

Health: -4/60      AC:  4    Str: 10      XL:     13   Next: 67%
Magic:  14/14      EV: 37    Int:  7 (10) God:    Dithmenos [*****.]
Gold:   978        SH:  5    Dex: 23      Spells: 12/12 levels left

rFire   . .          .
                       - Unarmed
rCold   + . .        (shield currently unavailable)
rNeg    . . .        w - +0 troll leather armour
rPois   .            (helmet restricted)
rElec   +            u - +0 cloak
rCorr   .            (gloves unavailable)
SInv    +            (boots unavailable)
Will    ++...        n - amulet of reflection
Stlth   +            j - ring of protection from cold
HPRegen 1.10/turn    (no ring)
MPRegen 0.14/turn

%: reflection
@: about to teleport, flux-form, slowed, glowing, quick
A: glow, contaminating, very small, no large weapons, unfitting armour, see
invisible, speed 3, agile 1, deterioration 1, electricity resistance
a: Begin Untransformation, Renounce Religion, Shadow Step, Shadow Form


You were on level 4 of the Lair of Beasts.
You worshipped Dithmenos.
Dithmenos was extremely pleased with you.
You were something dangerously unstable.
You visited 3 branches of the dungeon, and saw 17 of its levels.

You collected 978 gold pieces.

Inventory:

Armour
 b - +0 steam dragon scales
 u - a +0 cloak (worn)
 w - a +0 troll leather armour (worn)
Jewellery
 j - a ring of protection from cold (left hand)
 n - an amulet of reflection (around neck)
 D - a ring of ice
Talismans
 c - a beast talisman
 d - a flux talisman (active)
 l - a serpent talisman
Wands
 x - a wand of flame (10)
 z - a wand of charming (4)
 B - a wand of iceblast (17)
 C - a wand of mindburst (3)
 E - a wand of polymorph (5)
Scrolls
 a - 3 scrolls of immolation
 e - 2 scrolls of teleportation
 f - 3 scrolls of identify
 r - a scroll of brand weapon
 t - 5 scrolls of enchant weapon
 v - 6 scrolls of amnesia
 y - 2 scrolls of fog {unknown}
 A - a scroll of fear
Potions
 g - 2 potions of attraction
 h - 2 potions of enlightenment
 i - 3 potions of magic
 k - 2 potions of ambrosia
 m - 5 potions of curing
 o - 2 potions of haste
 p - a potion of heal wounds
 q - a potion of cancellation
 s - 2 potions of brilliance


   Skills:
 + Level 3.3 Fighting
 + Level 2.5 Armour
 * Level 20.8 Dodging
 + Level 12.4 Unarmed Combat
 + Level 10.9 Shapeshifting


You had 12 spell levels left.
You didn't know any spells.
Your spell library contained the following spells:

 Spells                   Type           Power      Damage    Failure   Level
 Kiss of Death            Conj/Necr      0%         2d5       52%         1
 Sting                    Tmut/Pois      0%         1d3       52%         1
 Poisonous Vapours        Pois/Air       0%         N/A       67%         2
 Confusing Touch          Hex            0%         N/A       88%         3
 Hailstorm                Conj/Ice       0%         3d3       88%         3
 Summon Guardian Golem    Hex/Summ       0%         N/A       88%         3
 Dispel Undead            Necr           0%         3d6       99%         4
 Olgreb's Toxic Radiance  Pois           0%         N/A       99%         4
 Summon Ice Beast         Ice/Summ       0%         N/A       99%         4
 Simulacrum               Ice/Necr       0%         N/A       100%        6
 Orb of Destruction       Conj           0%         9d5       100%        7
 Spellforged Servitor     Conj/Summ      0%         N/A       100%        7


Dungeon Overview and Level Annotations

Branches:
Dungeon (12/15)            Temple (1/1) D:6            Lair (4/5) D:11
  Swamp (0/4) Lair:3       Spider (0/4) Lair:2        Slime (0/5) Lair:4
    Orc (0/2) D:9

Altars:
Ashenzari
Cheibriados
Dithmenos
Elyvilon
Fedhas
Gozag
Hepliaklqana
Kikubaaqudgha
Makhleb
Nemelex Xobeh
Okawaru
Qazlal
Ru
Sif Muna
Trog
Uskayaw
Vehumet
Wu Jian
Xom
Yredelemnul
Zin
The Shining One
Jiyva

Shops:
D:1 ?

Annotations:
D:7 2 transporters


Innate Abilities, Weirdness & Mutations

You are something dangerously unstable.
You glow with magical radiation, making you easy to see and hit.
Foes you strike become dangerously contaminated with magical radiation.
You are incapable of wielding weapons or throwing items.
You are very small and have problems with some larger weapons.
You are too small for most types of armour.
You have supernaturally acute eyesight. (SInv)
You cover ground extremely quickly. (Speed+++)
You are agile. (Dex +4, Str/Int -1)
Your body sometimes deteriorates upon taking damage.
You are resistant to electric shocks. (rElec)


Message History

The six-headed hydra completely misses you.
Unknown command.
Okay, then.
As you read the scroll of teleportation, it crumbles to dust.
You feel strangely unstable. The catoblepas barely misses you.
The six-headed hydra misses you. The six-headed hydra barely misses you.
You block the six-headed hydra's attack.
The six-headed hydra barely misses you.
The six-headed hydra completely misses you. x2
The catoblepas breathes a plume of calcifying dust at you.
The blast of calcifying dust hits you!
* * * LOW HITPOINT WARNING * * *
The blast of calcifying dust hits the six-headed hydra!
The blast of calcifying dust hits the yak.
The six-headed hydra is engulfed in calcifying dust.
The six-headed hydra is moving more slowly.
The six-headed hydra completely misses you. x2
The six-headed hydra misses you.
The six-headed hydra completely misses you.
The six-headed hydra misses you. The six-headed hydra bites you.
* * * LOW HITPOINT WARNING * * *
Unknown command.
Unknown command.
As you read the scroll of fear, it crumbles to dust.
You assume a fearsome visage.
The six-headed hydra looks frightened!
The yak looks frightened!
The eight-headed hydra looks frightened!
The catoblepas looks frightened!
The torpor snail looks frightened!
The death yak resists with almost no effort.
The death yak resists with some effort.
The death yak resists with almost no effort.
You are engulfed in calcifying dust.
The yak is engulfed in calcifying dust.
The yak is moving more slowly.
The six-headed hydra is engulfed in calcifying dust.
The six-headed hydra stops moving altogether!
The six-headed hydra is engulfed in calcifying dust.
Unknown command.
Unknown command.
You are engulfed in calcifying dust.
The death yak gores you!
You die...

#.# ♣.♣ ♣.♣ ♣Y♣
♣♣♣♣♣♣.♣♣♣♣♣♣ ♣.♣
♣...÷Y§§D...♣ ♣♣Y♣♣
♣..†Y§§§.§.§♣ ♣...♣ #
♣.wl#####+..♣ ♣D..♣ #
♣w§#D.FFF#..♣ ♣.Y.♣
♣♣♣w.#.....#..♣♣♣♣YY.♣#
.....#.....#..§DBY.Y..#
#....##
♣♣♣..#.....#..♣♣♣♣.w.♣#
......# # ♣..#.....#..♣
♣§..♣ .?..... #
♣..+#####+..♣ ♣§.D♣
##...... ♣... ...♣
♣...♣##.....# ♣....
....♣ ♣♣.♣♣#.....#
♣♣♣♣♣♣ ♣♣♣♣♣♣ ♣÷♣
#....# ♣.♣ #.<# #
##♣.♣##..#


You could see 4 death yaks, a catoblepas (fleeing), an eight-headed hydra
(fleeing), a six-headed hydra (petrified, fleeing, heavy contam) and a torpor
snail (fleeing).

Vanquished Creatures
  A catoblepas (Lair:4)
  A death yak (Lair:4)
  2 boulder beetles
  5 two-headed ogres
  A skyshark (Lair:3)
  A pharaoh ant (Lair:2)
  16 elephants
  4 black mambas
  A torpor snail (Lair:3)
  10 cane toads
  A rime drake (Lair:1)
  6 komodo dragons
  5 trolls
  2 polar bears
  3 tarantellas (Lair:2)
  11 blink frogs
  3 wyverns
  A wraith (D:11)
  2 shadows (D:9)
  2 basilisks
  37 yaks
  Eustachio (D:5)
  3 steam dragons
  A redback (Lair:2)
  7 vampire mosquitoes (Lair:3)
  2 wargs (D:11)
  A two-headed ogre zombie (D:9)
  4 acid dragons
  7 water moccasins
  3 orc warriors
  4 ice beasts
  2 sky beasts
  6 centaurs
  5 wolves
  A phantom (D:4)
  2 kobold brigands
  13 bullfrogs
  3 scorpions
  4 wights (D:6)
  2 troll zombies (D:9)
  6 killer bees (D:6)
  A troll skeleton (D:11)
  5 howler monkeys
  6 spriggan skeletons (D:11)
  4 crimson imps (D:12)
  6 jellies
  6 orc priests
  2 hounds
  A sleepcap (D:6)
  Natasha (twice) (D:3)
  A gnoll bouda (D:7)
  7 iguanas
  8 orc wizards
  4 ogre zombies (D:9)
  7 gnolls
  2 adders
  A shadow imp (D:7)
  A white imp (D:6)
  An ufetubus (D:5)
  2 worms (D:2)
  4 dart slugs
  30 orcs
  4 bats (D:2)
  12 endoplasms
  3 giant cockroaches
  4 goblins
  A hobgoblin (D:3)
  9 kobolds
  2 quokkas
  7 ball pythons
  4 frilled lizards
  2 goblin skeletons (D:9)
  3 goblin zombies (D:9)
  A hobgoblin zombie (D:9)
  3 orc skeletons (D:9)
  14 orc zombies (D:9)
  6 rats
368 creatures vanquished.

Vanquished Creatures (others)
  A goblin zombie (D:9)
  An orc zombie (D:9)
2 creatures vanquished.

Grand Total: 370 creatures vanquished

Notes
Turn   | Place    | Note
-------+----------+-------------------------------------------
     0 | D:1      | CoinPitGoblin the Spriggan Shapeshifter began the quest for
                  | the Orb.
     0 | D:1      | Reached XP level 1. HP: 9/9 MP: 2/2
    27 | D:1      | Found Jumoa's Magic Scroll Shoppe.
   158 | D:1      | Reached XP level 2. HP: 14/14 MP: 3/3
   637 | D:1      | Reached skill level 5 in Shapeshifting
  1015 | D:2      | Reached XP level 3. HP: 15/17 MP: 4/4
  1172 | D:2      | Reached skill level 3 in Dodging
  2085 | D:3      | Reached XP level 4. HP: 11/21 MP: 5/5
  2453 | D:3      | Noticed Natasha
  2962 | D:3      | Killed Natasha
  2963 | D:3      | Reached XP level 5. HP: 25/25 MP: 6/6
  3199 | D:3      | Noticed Natasha
  3204 | D:3      | Killed Natasha
  3205 | D:3      | Reached skill level 1 in Fighting
  3520 | D:5      | Entered Level 5 of the Dungeon
  3922 | D:4      | Reached skill level 4 in Dodging
  4189 | D:4      | Noticed a phantom
  4205 | D:4      | Killed a phantom
  4206 | D:4      | Reached XP level 6. HP: 22/30 MP: 7/7
  4480 | D:5      | Noticed an ice beast
  4488 | D:5      | Killed an ice beast
  4489 | D:5      | Reached skill level 5 in Dodging
  4599 | D:5      | Noticed Eustachio
  4748 | D:5      | Killed Eustachio
  4749 | D:5      | Reached XP level 7. HP: 20/33 MP: 8/8
  4956 | D:5      | Reached skill level 6 in Dodging
  5738 | D:6      | Found a staircase to the Ecumenical Temple.
  5752 | Temple   | Entered the Ecumenical Temple
  5772 | Temple   | Became a worshipper of Dithmenos the Shadowed
  5816 | D:6      | Reached skill level 7 in Dodging
  5978 | D:6      | Reached XP level 8. HP: 39/39 MP: 9/9
  6255 | D:6      | Reached skill level 8 in Dodging
  6255 | D:6      | Reached skill level 5 in Unarmed Combat
  6263 | D:6      | HP: 1/39 [killer bee (8)]
  6569 | D:6      | Found a shimmering blue altar of Sif Muna.
  6762 | D:6      | Reached * piety under Dithmenos
  7240 | D:7      | Found a transporter.
  7243 | D:7      | Noticed a brown ugly thing
  7244 | D:7      | Found a transporter.
  7244 | D:7      | Noticed a cyclops
  7255 | D:7      | Reached skill level 9 in Dodging
  7281 | D:7      | Found a sacrificial altar of Ru.
  7282 | D:7      | Found a white marble altar of Elyvilon.
  7781 | D:7      | Reached XP level 9. HP: 34/42 MP: 10/10
  8095 | D:7      | Reached ** piety under Dithmenos
  8148 | D:7      | Reached skill level 16 in Dodging
  8148 | D:7      | Reached XP level 10. HP: 27/47 MP: 11/11
  9081 | D:8      | Gained mutation: You are resistant to electric shocks.
                  | (rElec) [potion of mutation]
  9081 | D:8      | Gained mutation: Your body sometimes deteriorates upon
                  | taking damage. [potion of mutation]
  9081 | D:8      | Gained mutation: You are agile. (Dex +4, Str/Int -1)
                  | [potion of mutation]
  9089 | D:8      | Reached skill level 17 in Dodging
  9300 | D:8      | Identified the +10 whip of Zivvotev {elec, Drain +Blink
                  | Stlth+}
  9455 | D:8      | Found a broken altar of Ashenzari.
  9962 | D:8      | Found a snail-covered altar of Cheibriados.
 10303 | D:9      | Noticed a two-headed ogre
 10396 | D:10     | Entered Level 10 of the Dungeon
 10617 | D:9      | Killed a two-headed ogre
 11057 | D:9      | Reached XP level 11. HP: 36/51 MP: 12/12
 11077 | D:9      | Reached *** piety under Dithmenos
 11255 | D:9      | Found a staircase to the Orcish Mines.
 11683 | D:10     | Noticed a two-headed ogre
 11702 | D:10     | Killed a two-headed ogre
 11936 | D:10     | Reached **** piety under Dithmenos
 12025 | D:10     | Found a shimmering altar of Xom.
 12025 | D:10     | Found a faded altar of an unknown god.
 12033 | D:10     | Found a burning altar of Makhleb.
 12035 | D:10     | Found an ancient bone altar of Kikubaaqudgha.
 12037 | D:10     | Found a faded altar of an unknown god.
 12661 | D:10     | Reached skill level 18 in Dodging
 12806 | D:11     | Noticed a two-headed ogre
 12821 | D:11     | Killed a two-headed ogre
 12824 | D:11     | Noticed a two-headed ogre
 12838 | D:11     | Killed a two-headed ogre
 12892 | D:11     | Noticed a two-headed ogre
 12903 | D:11     | Killed a two-headed ogre
 13169 | D:11     | Found a staircase to the Lair.
 13376 | D:11     | Identified the +3 scale mail of the Arcane {Will+}
 13831 | D:12     | Noticed a boulder beetle
 13862 | D:11     | Killed a boulder beetle
 13943 | D:12     | Reached XP level 12. HP: 56/56 MP: 13/13
 13961 | D:12     | Found a shimmering altar of Xom.
 14024 | D:12     | Noticed a centaur warrior
 14086 | Lair:1   | Entered Level 1 of the Lair of Beasts
 14425 | Lair:1   | Reached skill level 19 in Dodging
 14640 | Lair:1   | Reached skill level 10 in Unarmed Combat
 15073 | Lair:2   | Reached skill level 1 in Armour
 15088 | Lair:2   | Found a hole to the Spider Nest.
 15141 | Lair:2   | Reached ***** piety under Dithmenos
 15281 | Lair:2   | Reached skill level 10 in Shapeshifting
 16035 | Lair:3   | Reached skill level 20 in Dodging
 16138 | Lair:3   | Reached XP level 13. HP: 55/60 MP: 14/14
 16527 | Lair:3   | Found a staircase to the Swamp.
 17073 | Lair:4   | Found a staircase to the Slime Pits.
 17077 | Lair:4   | Found a viscous altar of Jiyva.
 17411 | Lair:4   | Upgraded the game from 0.31-a0-523-g071a6c1ffa to
                  | 0.31-a0-542-gdc2a67831c
 17594 | Lair:4   | Slain by a death yak

Illustrated notes

Levels and vault maps discovered:
D:1:      amcnicky_arrival_double_pillar, layout_loops_cross, serial_shops, shop
D:2:      layout_basic
D:3:      layout_basic, uniq_natasha
D:4:      layout_cave_pools, dk_noncrumbling_2
D:5:      layout_basic, serial_bayou_lagoon_a, uniq_eustachio
D:6:      layout_basic, nicolae_overflow_crystal_walls, minmay_temple_entry_tees
D:7:      minmay_evil_eye, layout_rooms, gammafunk_temple_overflow_arena,
          serial_rivers, chequers_serial_rivers_micro_d,
          chequers_serial_rivers_micro_c, chequers_serial_rivers_micro_e,
          chequers_serial_rivers_small_a, chequers_serial_rivers_large_b,
          chequers_serial_rivers_small_3
D:8:      layout_basic, evilmike_ruin_ashenzari, lemuel_coloured_pillars_altar
D:9:      layout_roguey, zombieorc2_lemuel, glass_columns_a
D:10:     layout_loops_ring, chequers_temple_overflow_minitemple,
          kennysheep_generic_room_7
D:11:     layout_loops_cross, erik_lair_orcish_takeover, hangedman_tell_no_tales
D:12:     minmay_bloctagon_deflated, layout_rooms, led_xom_imps, uniq_nergalle
Temple:   eino_temple_water
Lair:1:   layout_hall_layers
Lair:2:   layout_chaotic_city, nicolae_spider_entry_lesser_pyramids
Lair:3:   layout_chaotic_city, minmay_swamp_entry_swarm
Lair:4:   nzn_winding_woodlands_large [nzn_winding_woodlands_5x5_closed_star,
          nzn_winding_woodlands_5x15_default,
          nzn_winding_woodlands_5x5_perimeter,
          nzn_winding_woodlands_center_diamonds,
          nzn_winding_woodlands_15x15_killbox,
          nzn_winding_woodlands_center_triple_pond,
          nzn_winding_woodlands_5x5_cross, nzn_winding_woodlands_5x15_garden,
          nzn_winding_woodlands_hourglass], layout_hall_layers,
          minmay_slime_entry_pillars, portal_ice_cave_entry_ice_simulacra

Skill      XL: |  1  2  3  4  5  6  7  8  9 10 11 12 13 |
---------------+----------------------------------------+-----
Shapeshifting  | 5 6 7 8 9 10 | 10.9
Dodging        | 3 4 5 7 9 16 17 18 20 | 20.8
Fighting       | 1 2 3 |  3.3
Unarmed Combat | 3 4 6 7 9 11 12 | 12.4
Armour         | 2 |  2.5

Action                     |  1- 3 |  4- 6 |  7- 9 | 10-12 | 13-15 || total
---------------------------+-------+-------+-------+-------+-------++-------
  Melee: Unarmed           |   117 |   161 |   306 |   913 |   392 ||  1889
         Punch             |     4 |       |       |       |       ||     4
 Invoke: Shadow Step       |       |       |       |       |     1 ||     1
    Use: Scroll            |     4 |     4 |     8 |     5 |     3 ||    24
         Potion            |       |       |     8 |     2 |     1 ||    11
   Stab: Petrified         |       |       |       |       |     3 ||     3
 Armour: Animal skin       |     7 |    17 |    13 |     1 |       ||    38
         Skin              |       |       |    17 |       |       ||    17
         Steam dragon scal |       |       |       |    25 |       ||    25
         Troll leather arm |       |       |       |    18 |    12 ||    30
  Dodge: Dodged            |    72 |   153 |   307 |  1077 |   472 ||  2081
  Block: Other             |       |       |       |   157 |   102 ||   259
         Reflection        |       |       |       |     1 |       ||     1
   Form: Flux              |       |     1 |       |       |       ||     1

Table legend: (Time is in decaauts)
 A = Elapsed time spent in this place.
 B = Non-inter-level travel time spent in this place.
 C = Inter-level travel time spent in this place.
 D = Time resting spent in this place.
 E = Time spent auto-exploring this place.
 F = Levels seen in this place.
 G = Mean time per level.
                   A        B        C        D        E       F      G
               +--------+--------+--------+--------+--------+-----+--------+
         Total |  12951 |  12162 |    789 |   2006 |   6570 |  17 |  761.8 |
       Dungeon |  10429 |   9767 |    662 |   1911 |   5421 |  12 |  869.1 |
        Temple |    121 |    112 |      9 |     95 |      0 |   1 |  121.0 |
          Lair |   2400 |   2283 |    117 |      0 |   1149 |   4 |  600.0 |
               +--------+--------+--------+--------+--------+-----+--------+

Top non-repeatable levels by time:
     D:7: 1325 daAuts
     D:9: 1309 daAuts
     D:5: 1211 daAuts
     D:6: 1166 daAuts
     D:2: 859 daAuts
     D:8: 859 daAuts
    D:11: 803 daAuts
     D:3: 794 daAuts
    D:10: 743 daAuts
  Lair:3: 713 daAuts
  Lair:1: 660 daAuts
     D:4: 625 daAuts
     D:1: 603 daAuts
  Lair:2: 572 daAuts
  Lair:4: 454 daAuts
